 Dungeon Crawl Stone Soup version 0.31-a0-361-g0f8bd3a31e (webtiles) character file.

Game seed: 120670988170423551

103 Locuples the Chopper (level 4, -5/41 HPs)
             Began as a Minotaur Berserker on July 27, 2023.
             Was a Believer of Trog.
             Slain by Terence
             ... wielding a +4 trident
              (10 damage)
             ... on level 2 of the Dungeon.
             The game lasted 00:02:49 (795 turns).

Locuples the Chopper (Minotaur Berserker)            Turns: 795, Time: 00:02:50

Health: -5/41      AC: 11    Str: 23    XL:     4   Next: 51%
Magic:  3/3        EV: 14    Int:  4    God:    Trog [**....]
Gold:   46         SH:  0    Dex: 10    Spells: 3/3 levels left

rFire   . . .        a - +0 hand axe
rCold   . . .        (no shield)
rNeg    . . .        e - +0 chain mail
rPois   .            (helmet restricted)
rElec   .            i - +0 cloak
rCorr   .            f - +0 pair of gloves
SInv    .            (no boots)
Will    .....        (no amulet) Stlth
                     g - +5 ring of evasion
HPRegen 0.26/turn    (no ring)
MPRegen 0.08/turn

%: no passive effects
@: no status effects
A: horns 2, retaliatory headbutt
a: Renounce Religion, Berserk, Trog's Hand


You were on level 2 of the Dungeon.
You worshipped Trog.
Trog was pleased with you.
You visited 1 branch of the dungeon, and saw 2 of its levels.

You collected 46 gold pieces.

Inventory:

Hand Weapons
 a - a +0 hand axe (weapon)
Armour
 e - a +0 chain mail (worn)
 f - a +0 pair of gloves (worn)
 i - a +0 cloak (worn)
Jewellery
 g - a +5 ring of evasion (left hand)
Scrolls
 b - a scroll of torment {unknown}
 c - a scroll of identify {unknown}
 d - a scroll of fog {unknown}
 h - a scroll of vulnerability {unknown}
 j - a scroll of teleportation {unknown}
 k - a scroll of poison {unknown}
 l - 2 scrolls of noise {unknown}


   Skills:
 + Level 4.8 Fighting
 + Level 5.0 Axes
 + Level 3.1 Armour
 + Level 2.5 Dodging


You had 3 spell levels left.
You didn't know any spells.
Your spell library was empty.

Dungeon Overview and Level Annotations

Branches:
Dungeon (2/15)

Altars:

Annotations:
D:2 Terence


Innate Abilities, Weirdness & Mutations

You have a pair of horns on your head.
You reflexively headbutt those who attack you in melee.


Message History

Terence is lightly wounded.
Terence hits you with a +4 trident!
You hit Terence but do no damage.
Terence is lightly wounded.
Terence hits you with a +4 trident. Terence closely misses you.
You hit Terence but do no damage.
Terence is lightly wounded.
Terence hits you but does no damage.
You barely miss Terence.
Terence is lightly wounded.
Terence hits you with a +4 trident.
You closely miss Terence. You headbutt Terence.
Terence is moderately wounded.
Terence hits you with a +4 trident!
* * * LOW HITPOINT WARNING * * *
You hit Terence.
Terence is moderately wounded.
Terence barely misses you. You furiously retaliate!
You headbutt Terence, but do no damage. You hit Terence but do no damage.
Terence is moderately wounded.
Terence hits you with a +4 trident.
* * * LOW HITPOINT WARNING * * *
You barely miss Terence.
Terence is moderately wounded.
Terence barely misses you.
You hit Terence. You headbutt Terence.
Terence is heavily wounded.
Terence misses you.
You barely miss Terence. You headbutt Terence, but do no damage.
Terence is heavily wounded.
Terence hits you with a +4 trident.
* * * LOW HITPOINT WARNING * * *
You hit Terence but do no damage.
Terence is heavily wounded.
Terence closely misses you.
You hit Terence.
Terence is severely wounded.
Terence hits you with a +4 trident!
You die...

###.#######################
##.## ..# ##..## #8.## #.##
#.## ####.##.######.# .#####
##.###...####..####.#
)#...###.#.#.###.#####.##.##
#)###...###.## ##.##..#..##
### ##### ########.#######
...#....#.#....#
#...@@........#
........#.#......
.................
...#####..####### .. ..## .
###


You could see Terence.

Vanquished Creatures
  A howler monkey (D:2)
  3 gnolls (D:2)
  A worm (D:2)
  A dart slug (D:1)
  3 endoplasms
  2 giant cockroaches
  A goblin (D:2)
  2 hobgoblins
  3 kobolds (D:1)
  3 quokkas
  3 ball pythons
  4 bats
  2 frilled lizards (D:1)
  A rat (D:1)
30 creatures vanquished.

Notes
Turn   | Place    | Note
-------+----------+-------------------------------------------
     0 | D:1      | Locuples the Minotaur Berserker began the quest for the
                  | Orb.
     0 | D:1      | Reached XP level 1. HP: 19/19 MP: 0/0
   126 | D:1      | Found a faded altar of an unknown god.
   176 | D:1      | Reached XP level 2. HP: 25/27 MP: 1/1
   188 | D:1      | Reached skill level 4 in Axes
   684 | D:2      | Reached XP level 3. HP: 33/33 MP: 2/2
   743 | D:2      | Reached XP level 4. HP: 40/41 MP: 3/3
   773 | D:2      | Noticed Terence
   775 | D:2      | Reached ** piety under Trog
   776 | D:2      | Reached skill level 5 in Axes
   795 | D:2      | Slain by Terence

Illustrated notes

Levels and vault maps discovered:
D:1:      wander_arrival_estate, layout_basic,
          shapermc_ecumenical_altar_flowoftime, minmay_tetromino_l2
D:2:      wad_river_or_something, layout_basic, uniq_jessica, uniq_terence

Skill      XL: |  1  2  3  4 |
---------------+-------------+-----
Fighting       | 4 |  4.8
Axes           | 4 5 |  5.0
Armour         | 3 |  3.1
Dodging        | |  2.5

Action                     |  1- 3 |  4- 6 || total
---------------------------+-------+-------++-------
  Melee: Hand axe          |    82 |    19 ||   101
         Headbutt          |    12 |     4 ||    16
         Punch             |     1 |       ||     1
 Armour: Leather armour    |     4 |       ||     4
         Chain mail        |    27 |     2 ||    29
  Dodge: Dodged            |    46 |    10 ||    56

Table legend: (Time is in decaauts)
 A = Elapsed time spent in this place.
 B = Non-inter-level travel time spent in this place.
 C = Inter-level travel time spent in this place.
 D = Time resting spent in this place.
 E = Time spent auto-exploring this place.
 F = Levels seen in this place.
 G = Mean time per level.
                   A        B        C        D        E       F      G
               +--------+--------+--------+--------+--------+-----+--------+
         Total |    803 |    803 |      0 |      0 |    461 |   2 |  401.5 |
       Dungeon |    803 |    803 |      0 |      0 |    461 |   2 |  401.5 |
               +--------+--------+--------+--------+--------+-----+--------+

Top non-repeatable levels by time:
     D:1: 619 daAuts
     D:2: 184 daAuts
